 Dungeon Crawl Stone Soup version 0.31.0-12-g77e489cdc1 (webtiles) character file.

Game seed: 11460233914071311449

1037 Killerpretzel the Changeling (level 8, -4/54 HPs)
             Began as an Octopode Shapeshifter on Feb 11, 2024.
             Was an Initiate of Vehumet.
             Slain by an orc
             ... wielding a +0 hand axe
              (5 damage)
             ... on level 5 of the Dungeon.
             The game lasted 00:07:33 (3507 turns).

Killerpretzel the Changeling (OpSh)                 Turns: 3507, Time: 00:07:34

Health: -4/54      AC:  1    Str: 13    XL:     8   Next: 24%
Magic:  8/8        EV: 14    Int: 19    God:    Vehumet [......]
Gold:   226        SH:  0    Dex: 13    Spells: 7/7 levels left

rFire   . .          .
                       - Unarmed
rCold   . . .        (no shield)
rNeg    . . .        (helmet currently unavailable)
rPois   .            o - amulet of regeneration
rElec   .            f - +6 ring of intelligence
rCorr   .            (no ring)
SInv    .            (no ring)
Will    .....        (no ring)
Stlth   ++           (no ring)
HPRegen 1.09/turn    (no ring)
MPRegen 0.11/turn    (no ring)
                     (no ring)

%: no passive effects
@: beast-form
A: beast (slay +3), almost no armour, amphibious, 8 rings, camouflage 1,
gelatinous body 1, (nimble swimmer 1), tentacles
a: Begin Untransformation, Renounce Religion


You were on level 5 of the Dungeon.
You worshipped Vehumet.
Vehumet was noncommittal.
You were a hulking beast.
You visited 2 branches of the dungeon, and saw 6 of its levels.

You collected 226 gold pieces.

Inventory:

Missiles
 l - 7 boomerangs (quivered)
Jewellery
 d - an amulet of the acrobat
 f - a +6 ring of intelligence (left tentacle)
 o - an amulet of regeneration (around mantle)
Talismans
 b - a beast talisman
 c - a flux talisman
Wands
 h - a wand of iceblast (3)
Scrolls
 e - 2 scrolls of teleportation
 j - a scroll of amnesia
Potions
 a - 2 potions of mutation
 g - a potion of haste {unknown}
 k - a potion of might {unknown}
 m - a potion of heal wounds {unknown}
 p - a potion of curing {unknown}


   Skills:
 + Level 4.1 Fighting
 + Level 4.5 Dodging
 + Level 5.0 Unarmed Combat
 * Level 6.2 Shapeshifting


You had 7 spell levels left.
You didn't know any spells.
Your spell library was empty.

Dungeon Overview and Level Annotations

Branches:
Dungeon (5/15)             Temple (1/1) D:5

Altars:
Ashenzari
Cheibriados
Hepliaklqana
Nemelex Xobeh
Okawaru
Qazlal
Ru
Sif Muna
Trog
Vehumet
Xom
Yredelemnul
Zin
The Shining One

Shops:
D:3 !


Innate Abilities, Weirdness & Mutations

You are a hulking beast.
Your limbs bulge with bestial killing power. (Slay +3)
You cannot wear most types of armour.
You are amphibious.
You can wear up to eight rings at the same time.
Your skin changes colour to match your surroundings (Stealth+).
Your rubbery body absorbs attacks. (AC +1, EV +1)
((You are camouflaged when in or above water. (Stealth+)))
You have tentacles for arms and can constrict up to eight enemies at once.


Message History

No target in view!
No target in view!
No target in view!
No target in view!
You feel sick.
You feel sick.
You feel sick.
You feel sick.
You feel sick.
You are no longer poisoned.
HP restored.
You now have 226 gold pieces (gained 20).
You see here a +0 sling.
The orc warrior shouts!
You hear a shout! x2
The orc misses you.
The orc warrior hits you from afar with a +0 glaive!!
The orc shouts!
The orc attacks as it pursues you! The orc misses you.
The orc warrior hits you with a +0 glaive!!
* * * LOW HITPOINT WARNING * * *
There is a stone staircase leading up, spattered with blood here.
Okay, then.
Okay, then.
The orc priest shouts!
You tentacle-slap the orc warrior. You grab the orc warrior.
The orc warrior is lightly wounded.
You constrict the orc warrior.
The orc priest miscasts a cantrip.
The orc hits you with a +0 hand axe.
* * * LOW HITPOINT WARNING * * *
You tentacle-slap the orc warrior. You squeeze the orc warrior!
The orc warrior is heavily wounded.
You constrict the orc warrior, but do no damage.
The orc warrior barely misses you. The orc hits you with a +0 hand axe.
* * * LOW HITPOINT WARNING * * *
You release your grip on the orc warrior.
The orc warrior hits you with a +0 glaive!
* * * LOW HITPOINT WARNING * * *
The orc hits you with a +0 hand axe.
You die...

##.#....##### #......# ...
#..#..### #.#....# .. ###.#...#
###.#....#### ##
#...#..########..........^####
#.###..#.)................##P#
####.###....#######.#............
...........##...........>##.##.P#
..........###...................#
...........##<..ho...#...##.....#
...........##...oo.......##..####
...........##...o.....####$..>#
.<.........####..###....##.##.#
...........# #...# #.##..... .#
..........###...o. ... ...###..
.........###............!..# ...
########## #......5.........#.#..
.... ........5...# ##


You could see an orc warrior, an orc priest and 3 orcs.

Vanquished Creatures
  Grinder (D:3)
  A sky beast (D:3)
  A black bear (D:4)
  3 scorpions
  A bombardier beetle (D:5)
  2 orc priests (D:5)
  5 hounds
  An iguana (D:4)
  Terence (D:3)
  An orc wizard (D:3)
  7 adders
  A shadow imp (D:5)
  A ribbon worm (D:2)
  4 dart slugs
  12 orcs
  5 bats
  2 endoplasms (D:1)
  A giant cockroach (D:3)
  4 goblins
  6 hobgoblins
  13 jackals
  A quokka (D:1)
  6 ball pythons
  2 frilled lizards
  8 kobolds
  5 rats
95 creatures vanquished.

Notes
Turn   | Place    | Note
-------+----------+-------------------------------------------
     0 | D:1      | Killerpretzel the Octopode Shapeshifter began the quest for
                  | the Orb.
     0 | D:1      | Reached XP level 1. HP: 13/13 MP: 1/1
   159 | D:1      | Reached XP level 2. HP: 18/18 MP: 2/2
   508 | D:1      | You fall into a shaft and drop 1 floor!
   683 | D:2      | Reached XP level 3. HP: 23/23 MP: 3/3
   974 | D:2      | Found a faded altar of an unknown god.
  1540 | D:3      | Reached XP level 4. HP: 22/29 MP: 4/4
  1609 | D:3      | Noticed a sky beast
  1630 | D:3      | Killed a sky beast
  1631 | D:3      | Reached skill level 4 in Shapeshifting
  1631 | D:3      | Reached XP level 5. HP: 34/34 MP: 5/5
  1710 | D:3      | Noticed Terence
  1719 | D:3      | Killed Terence
  1838 | D:3      | Reached XP level 6. HP: 38/41 MP: 6/6
  1947 | D:3      | Noticed Grinder
  1959 | D:3      | Killed Grinder
  1960 | D:3      | Reached skill level 5 in Shapeshifting
  2217 | D:3      | Found Irhos's Distillery.
  2390 | D:4      | Reached XP level 7. HP: 46/46 MP: 7/7
  3128 | D:5      | Entered Level 5 of the Dungeon
  3222 | D:5      | Reached XP level 8. HP: 54/54 MP: 8/8
  3252 | D:5      | Reached skill level 6 in Shapeshifting
  3350 | D:5      | Found a staircase to the Ecumenical Temple.
  3355 | D:5      | Reached skill level 5 in Unarmed Combat
  3358 | Temple   | Entered the Ecumenical Temple
  3364 | Temple   | Became a worshipper of Vehumet
  3507 | D:5      | HP: 1/54 [orc warrior/+0 glaive (7)]
  3507 | D:5      | Slain by an orc

Illustrated notes

Levels and vault maps discovered:
D:1:      dpeg_arrival_round_a, layout_loops_ring
D:2:      layout_loops_ring, dreamdust_ecumenical_altar_statues
D:3:      layout_basic, serial_shops, nicolae_shop_just_a_little_nook,
          uniq_grinder, uniq_terence
D:4:      layout_basic, minmay_misc_feat_columns
D:5:      layout_rooms, minmay_temple_entry_gardened_gates, grunt_decor_junction
Temple:   compressed_dpeg_circular_temple

Skill      XL: |  1  2  3  4  5  6  7  8 |
---------------+-------------------------+-----
Fighting       | 2 3 4 |  4.1
Dodging        | 3 4 |  4.5
Shapeshifting  | 4 5 6 |  6.2
Unarmed Combat | 4 5 |  5.0

Action                     |  1- 3 |  4- 6 |  7- 9 || total
---------------------------+-------+-------+-------++-------
  Melee: Unarmed           |    67 |    74 |    74 ||   215
         Constrict         |    19 |    15 |    23 ||    57
         Tentacles         |    11 |    11 |    23 ||    45
         Punch             |     2 |     2 |     2 ||     6
    Use: Potion            |     2 |     1 |     1 ||     4
         Scroll            |       |     5 |     2 ||     7
   Stab: Sleeping          |    12 |     1 |     4 ||    17
 Armour: Skin              |    19 |    31 |    39 ||    89
  Dodge: Dodged            |    31 |    37 |    56 ||   124
